 Dungeon Crawl Stone Soup version 0.25.1-11-g244df3a29b (webtiles) character file.

Game seed: 8544726097925371135

1947 DeepDeath the Cruncher (level 9, -4/74 HPs)
             Began as a Ghoul Gladiator on Feb 8, 2024.
             Killed from afar by an orc wizard (10 damage)
             ... with a puff of flame
             ... on level 6 of the Dungeon.
             The game lasted 00:21:11 (6306 turns).

DeepDeath the Cruncher (Ghoul Gladiator)            Turns: 6306, Time: 00:21:12

Health: -4/74      AC:  6    Str: 20    XL:     9   Next: 18%
Magic:  9/9        EV: 12    Int:  4    God:
Gold:   310        SH:  0    Dex: 10    Spells: 9/10 levels left

rFire    . . .     SeeInvis .   w - +1 quarterstaff
rCold    + + .     Gourm    .   (shield currently unavailable)
rNeg     + + +     Faith    +   b - +0 leather armour
rPois    ∞         Spirit   .   c - +1 helmet
rElec    .         Reflect  .   (no cloak)
rCorr    .         Harm     .   d - +0 pair of gloves
MR       .....                  (no boots)
Stlth    +++.......             n - amulet of faith
HPRegen  0.00/turn              p - ring of protection from cold
MPRegen  0.11/turn              g - ring of wizardry

@: rotting
A: rotting body, claws 1, carnivore, cold resistance 1, negative energy
resistance 3, inhibited regeneration, torment resistance, unbreathing
a: no special abilities


You were on level 6 of the Dungeon.
You were hungry.

You visited 1 branch of the dungeon, and saw 6 of its levels.

You collected 310 gold pieces.

Inventory:

Hand Weapons
 l - a +1 rapier of freezing
 q - a +1 vorpal hunting sling
 w - a +1 quarterstaff (weapon)
Missiles
 i - 89 arrows
 x - 69 sling bullets
 y - 53 stones (quivered)
 z - 41 bolts
 T - 4 atropa-tipped darts
Armour
 b - a +0 leather armour (worn)
 c - a +1 helmet (worn)
 d - a +0 pair of gloves (worn)
 j - a +0 ring mail
Jewellery
 g - a ring of wizardry (right hand)
 n - an amulet of faith (around neck)
 p - a ring of protection from cold (left hand)
Scrolls
 a - a scroll of teleportation
 o - a scroll of enchant weapon
 r - 2 scrolls of remove curse
 v - a scroll of random uselessness {unknown}
 A - a scroll of amnesia {unknown}
Potions
 e - 2 potions of flight
 h - 2 potions of brilliance
 k - a potion of magic
 m - a potion of heal wounds
 s - a potion of stabbing
 t - a potion of curing {unknown}
Comestibles
 f - 12 rations
 u - 5 chunks of flesh


   Skills:
 - Level 5.0 Fighting
 - Level 8.0 Staves
 - Level 1.2(2.0) Slings
 - Level 2.2(2.4) Throwing
 - Level 2.0 Armour
 - Level 3.3 Dodging
 + Level 5.9 Stealth
 - Level 1.0 Spellcasting
 - Level 1.0 Transmutations
 - Level 2.0 Poison Magic


You had 9 spell levels left.
You knew the following spells:

 Your Spells              Type           Power        Failure   Level  Hunger
z - Sting                 Tmut/Pois      #...         13%         1    ##.....

Your spell library contained the following spells:

 Spells                   Type           Power        Failure   Level  Hunger
 Poisonous Vapours        Pois/Air       #.....       24%         2    ###....
 Ignite Poison            Fire/Tmut/Pois #.......     41%         3    ####...
 Mephitic Cloud           Conj/Pois/Air  #.......     45%         3    ####...
 Olgreb's Toxic Radiance  Pois           #.......     67%         4    #####..


Dungeon Overview and Level Annotations

Branches:
Dungeon (6/15)
 Temple: D:4-7

Altars:
Cheibriados
Sif Muna
Trog
Xom
Zin
The Shining One

Annotations:
D:4 Sigmund


Innate Abilities, Weirdness & Mutations

Your body is rotting away.
You thrive on raw meat.
You are immune to poison.
You have sharp fingernails.
You are carnivorous and can eat meat at any time.
Your flesh is cold resistant. (rC+)
You are immune to negative energy. (rN+++)
You do not regenerate when monsters are visible.
You are immune to unholy pain and torment.
You can survive without breathing.


Message History

The orc wizard closely misses you. The orc wizard closely misses you.
The orc wizard hits you but does no damage.
Items here: ( )) [ † a +0 club; a +0 long sword; a +0 chain mail; 2 sling bullets; an orc corpse Unknown command.
You hit the orc wizard.
The orc wizard is lightly wounded.
The orc wizard hits you with a +0 dagger.
* * * LOW HITPOINT WARNING * * *
You hit the orc wizard.
The orc wizard is heavily wounded.
The orc wizard misses you.
You hit the orc wizard.
The orc wizard is almost dead.
The orc wizard hits you but does no damage.
The worker ant zombie bites you but does no damage.
The orc wizard gestures at you while chanting.
The puff of flame hits you!
You die...

#...##.##..###.##.#
#))###.##.........#
#.)###.##...##.#..#
#..>........##.#..#
##..#####.........#
#.....##........##
##.##.##........#
#. #.##)o......#.##
#.# #(..@.....###.#
.. #.(.(..Z###...#
# ##### #.(####.#
#.[..... #..... #.
#.# #...#### #. #..
#.# #...# #.##..
.(# #...# ##.....
..# #...#####...#..
..O ..............
...[......


You could see an orc wizard (fast) and a worker ant zombie.

Vanquished Creatures
  Grinder (D:5)
  Eustachio (D:5)
  An orc warrior (D:6)
  A sky beast (D:5)
  2 ogres
  A phantom (D:4)
  A centaur (D:5)
  A gnoll sergeant (D:5)
  Blork the orc (D:4)
  A bullfrog (D:6)
  A howler monkey (D:5)
  A crimson imp (D:5)
  A jelly (D:3)
  4 orc priests
  6 orc wizards
  Natasha (thrice) (D:2)
  2 iguanas
  A worker ant (D:5)
  2 hound skeletons
  A howler monkey zombie (D:5)
  Robin (D:2)
  7 gnolls (D:5)
  10 adders
  2 oozes
  An adder zombie (D:5)
  An adder skeleton (D:4)
  4 worms
  A dart slug (D:1)
  3 leopard geckos
  7 orcs
  7 giant cockroaches
  13 goblins
  7 hobgoblins
  11 jackals
  3 quokkas
  A ball python skeleton (D:4)
  8 bats
  2 frilled lizards
  A jackal skeleton (D:6)
  10 kobolds
  2 leopard gecko skeletons
  A quokka skeleton (D:5)
  7 rats
143 creatures vanquished.

Notes
Turn   | Place    | Note
-------+----------+-------------------------------------------
     0 | D:1      | DeepDeath the Ghoul Gladiator began the quest for the Orb.
     0 | D:1      | Reached XP level 1. HP: 17/17 MP: 0/0
    61 | D:1      | Reached XP level 2. HP: 18/24 MP: 1/1
   299 | D:1      | Reached skill level 3 in Staves
   476 | D:1      | Reached XP level 3. HP: 24/29 MP: 2/2
   847 | D:2      | Noticed Natasha
   967 | D:2      | Killed Natasha
   967 | D:2      | Reached XP level 4. HP: 26/34 MP: 3/3
   993 | D:2      | Noticed Natasha
  1003 | D:2      | Killed Natasha
  1003 | D:2      | Reached skill level 1 in Armour
  1091 | D:2      | Noticed Natasha
  1119 | D:2      | Killed Natasha
  1119 | D:2      | Reached XP level 5. HP: 26/43 MP: 4/4
  1300 | D:2      | Noticed Robin
  1306 | D:2      | Killed Robin
  1425 | D:2      | Reached skill level 4 in Staves
  1782 | D:2      | Reached XP level 6. HP: 49/49 MP: 5/5
  1790 | D:2      | Reached skill level 1 in Slings
  1965 | D:3      | Reached skill level 1 in Stealth
  2138 | D:3      | Found a shimmering altar of Xom.
  2555 | D:3      | Found a shimmering blue altar of Sif Muna.
  3185 | D:4      | Noticed Sigmund
  3224 | D:4      | Noticed Blork the orc
  3234 | D:4      | Killed Blork the orc
  3234 | D:4      | Reached skill level 5 in Staves
  3234 | D:4      | Reached XP level 7. HP: 58/58 MP: 6/6
  3938 | D:5      | Entered Level 5 of the Dungeon
  4000 | D:5      | Found a snail-covered altar of Cheibriados.
  4177 | D:5      | Found a glowing silver altar of Zin.
  4190 | D:5      | Reached skill level 6 in Staves
  4262 | D:5      | Found a glowing golden altar of the Shining One.
  4455 | D:5      | Noticed Grinder
  4457 | D:5      | Noticed Eustachio
  4469 | D:5      | Paralysed by Grinder for 2 turns
  4496 | D:5      | Killed Grinder
  4496 | D:5      | Reached skill level 5 in Fighting
  4496 | D:5      | Reached XP level 8. HP: 44/68 MP: 7/7
  5003 | D:5      | Killed Eustachio
  5003 | D:5      | Reached skill level 7 in Staves
  5003 | D:5      | Reached skill level 5 in Stealth
  5073 | D:5      | Found Adocygic's Magic Scroll Shoppe.
  5624 | D:5      | Found a bloodstained altar of Trog.
  5691 | D:5      | Learned a level 1 spell: Sting
  6112 | D:6      | Reached XP level 9. HP: 36/74 MP: 8/8
  6142 | D:6      | Reached skill level 1 in Spellcasting
  6142 | D:6      | Reached skill level 1 in Transmutations
  6142 | D:6      | Reached skill level 1 in Poison Magic
  6292 | D:6      | Reached skill level 8 in Staves
  6306 | D:6      | Killed from afar by an orc wizard

Illustrated notes

Levels and vault maps discovered:
D:1:      sevenhm_arrival_forest_fort_large_2, layout_loops_ring
D:2:      layout_basic, uniq_natasha, uniq_robin
D:3:      layout_basic, led_sif_book, xom_teletrap_fun
D:4:      layout_basic, first_ration, minmay_tree_intersection,
          uniq_blork_the_orc, uniq_sigmund
D:5:      layout_basic, slow_altar_1, kennysheep_little_box,
          overflow_temple_1_default, kennysheep_mini_moat, serial_shops,
          nicolae_shop_window_shopping, nrook_mini_vaults, uniq_eustachio,
          uniq_grinder
D:6:      layout_loops_cross, grunt_temple_overflow_diamond

Skill      XL: |  1  2  3  4  5  6  7  8  9 |
---------------+----------------------------+-----
Dodging        | 3 |  3.3
Staves         | 3 4 5 6 7 8 |  8.0
Throwing       | 2 |  2.2
Armour         | 1 2 |  2.0
Fighting       | 3 5 |  5.0
Slings         | 1 |  1.2
Stealth        | 2 4 5 |  5.9
Spellcasting   | 1 |  1.0
Transmutations | 1 |  1.0
Poison Magic   | 2 |  2.0

Action                   |  1- 3 |  4- 6 |  7- 9 || total
-------------------------+-------+-------+-------++-------
Melee: Quarterstaff      |    98 |    70 |   118 ||   286
 Fire: Hunting sling     |       |   132 |   207 ||   339
Throw: Throwing net      |     1 |     2 |       ||     3
       Dart              |       |     9 |     2 ||    11
  Use: Scroll            |     4 |     5 |     4 ||    13
       Potion            |       |     1 |     2 ||     3
 Stab: Invisible         |       |     1 |       ||     1
       Held in net/web   |       |     1 |       ||     1
  Eat: Chunk             |       |     9 |     7 ||    16
Armor: Leather armour    |    33 |    22 |    71 ||   126
Dodge: Dodged            |    59 |    61 |   123 ||   243
